 Dungeon Crawl Stone Soup version 0.29.1-1-gd02db69 (webtiles) character file.

Game seed: 12415391460725634626

11274 Dorkslayer the Cleaver (level 11, -10/95 HPs)
             Began as a Hill Orc Fighter on Oct 17, 2022.
             Was an Initiate of Gozag.
             Mangled by a white ugly thing (17 damage)
             ... on level 11 of the Dungeon.
             The game lasted 00:26:35 (8794 turns).

Dorkslayer the Cleaver (Hill Orc Fighter)           Turns: 8794, Time: 00:26:36

Health: -10/95     AC: 21    Str: 25    XL:     11   Next: 75%
Magic:  11/11      EV:  7    Int: 12    God:    Gozag
Gold:   1078       SH: 11    Dex: 10    Spells: 10/10 levels left

rFire   . . .      SeeInvis .   a - +1 war axe (freeze)
rCold   . . .      Faith    .   v - +2 kite shield
rNeg    . . .      Spirit   .   C - +0 plate armour
rPois   .          Reflect  .   (helmet restricted)
rElec   .          Harm     .   x - +1 cloak
rCorr   .          Rampage  .   z - +1 pair of gloves of Divine Compulsion {-Tele Fly Str+3 Int+4}
Will    .....      NoTele   +   k - +0 pair of boots
Stlth   ..........              r - amulet of magic regeneration
HPRegen 1.05/turn               (no ring)
MPRegen 0.52/turn               (no ring)

@: flying, studying Armour
A: antennae 1, clumsy 1, regeneration 1, (teleportitis 1)
a: Renounce Religion, Potion Petition, Call Merchant, Bribe Branch


You were on level 11 of the Dungeon.
You worshipped Gozag.
Gozag was most pleased with you.
You visited 2 branches of the dungeon, and saw 12 of its levels.

You collected 1567 gold pieces.
You spent 365 gold pieces at shops.
You paid 124 gold pieces to Gozag.

Inventory:

Hand Weapons
 a - a +1 war axe of freezing (weapon)
 m - a +0 broad axe
 A - a +5 hand axe
Armour
 k - a +0 pair of boots (worn)
 v - a +2 kite shield (worn)
 x - a +1 cloak (worn)
 z - the +1 pair of gloves of Divine Compulsion (worn) {-Tele Fly Str+3 Int+4}
   (You bought it in a shop on level 8 of the Dungeon)

   Str:       It affects your strength (+3).
   Int:       It affects your intelligence (+4).
   Fly:       It grants you flight.
   -Tele:     It prevents most forms of teleportation.
 C - a +0 plate armour (worn)
Jewellery
 r - an amulet of magic regeneration (around neck)
Wands
 c - a wand of roots (5)
 s - a wand of flame (22)
 w - a wand of mindburst (7)
 y - a wand of quicksilver (7)
Scrolls
 b - 4 scrolls of identify
 d - a scroll of immolation
 e - 2 scrolls of poison
 h - a scroll of magic mapping
 i - 4 scrolls of teleportation
 n - 2 scrolls of enchant armour
 o - 3 scrolls of silence
 B - a scroll of summoning
Potions
 f - 2 potions of cancellation
 g - 5 potions of curing
 j - a potion of ambrosia
 l - a potion of heal wounds
 p - 2 potions of haste
 q - 2 potions of might
 t - a potion of resistance


   Skills:
 + Level 8.8 Fighting
 + Level 13.8 Axes
 * Level 10.8 Armour
 - Level 6.1 Dodging
 + Level 0.4 Stealth
 + Level 7.0 Shields
 * Level 4.7 Evocations


You had 10 spell levels left.
You didn't know any spells.
Your spell library contained the following spells:

 Spells                   Type           Power      Damage    Failure   Level
 Apportation              Tloc           0%         N/A       100%        1
 Necrotise                Necr           0%         1d4       100%        1
 Summon Small Mammal      Summ           0%         N/A       100%        1
 Ensorcelled Hibernation  Hex/Ice        0%         N/A       100%        2
 Call Canine Familiar     Summ           0%         N/A       100%        3
 Spider Form              Tmut/Pois      0%         N/A       100%        3
 Summon Guardian Golem    Hex/Summ       0%         N/A       100%        3
 Airstrike                Air            0%         2d(0-16)  100%        4
 Anguish                  Hex/Necr       0%         N/A       100%        4
 Summon Lightning Spire   Summ/Air       0%         N/A       100%        4
 Lightning Bolt           Conj/Air       0%         1d11      100%        5
 Enfeeble                 Hex            0%         N/A       100%        7
 Orb of Destruction       Conj           0%         9d5       100%        7
 Spellforged Servitor     Conj/Summ      0%         N/A       100%        7


Dungeon Overview and Level Annotations

Branches:
Dungeon (11/15)            Temple (1/1) D:7            Lair (0/5) D:8
    Orc: D:9-12

Altars:
Ashenzari
Cheibriados
Dithmenos
Elyvilon
Fedhas
Gozag
Hepliaklqana
Kikubaaqudgha
Makhleb
Nemelex Xobeh
Okawaru
Qazlal
Sif Muna
Uskayaw
Wu Jian
Xom
Yredelemnul
Zin
The Shining One

Shops:
D:7 [(   D:8 [


Innate Abilities, Weirdness & Mutations

You have a pair of small antennae on your head.
You are clumsy. (Dex -2)
Your natural rate of healing is unusually fast.
((You are occasionally teleported next to monsters.))


Message History

You hit the white ugly thing but do no damage.
You block the white ugly thing's attack.
You slash the white ugly thing! You freeze the white ugly thing.
The white ugly thing is lightly wounded.
The white ugly thing pecks you but does no damage.
You slash the white ugly thing! You freeze the white ugly thing.
The white ugly thing is moderately wounded.
You block the white ugly thing's attack.
You hit the white ugly thing. You freeze the white ugly thing.
The white ugly thing is heavily wounded.
You block the white ugly thing's attack.
You slash the white ugly thing!
The white ugly thing is severely wounded.
The white ugly thing pecks you but does no damage.
You barely miss the white ugly thing.
The white ugly thing is severely wounded.
The white ugly thing pecks you but does no damage.
You barely miss the white ugly thing.
The white ugly thing is severely wounded.
The white ugly thing pecks you but does no damage.
You closely miss the white ugly thing.
The white ugly thing is heavily wounded.
The white ugly thing pecks you. The white ugly thing freezes you!!
You hit the white ugly thing. You freeze the white ugly thing.
The white ugly thing is severely wounded.
The white ugly thing pecks you but does no damage.
You hit the white ugly thing but do no damage.
The white ugly thing is severely wounded.
The white ugly thing pecks you. The white ugly thing freezes you!!
You closely miss the white ugly thing.
The white ugly thing is severely wounded.
The white ugly thing pecks you. The white ugly thing freezes you!!
* * * LOW HITPOINT WARNING * * *
You barely miss the white ugly thing.
The white ugly thing is severely wounded.
The white ugly thing pecks you.
* * * LOW HITPOINT WARNING * * *
The white ugly thing freezes you!
You die...
Your body crumbles into a pile of gold.

... .# ... ...
..... .. #.... .
#.#.# ...## #.#.#
#.....# #...# #.#
#.. #...# #.# #
#@.## ###.#####
#u?.## #........
#.#..#####........
#..##....##........
########.##........
#...........
#####.......
#....... #......)


You could see a white ugly thing.

Vanquished Creatures
  A two-headed ogre (D:11)
  A deep elf pyromancer (D:6)
  A cyclops (D:11)
  Joseph (Temple)
  An unseen horror (D:6)
  3 trolls
  2 hornets
  A shadow (D:9)
  A wyvern (D:8)
  A wraith (D:7)
  11 yaks
  9 vampire mosquitoes
  The ghost of comradetweed the Covered, an amateur GrFi (D:3)
  Duvessa (D:7)
  An acid dragon (D:11)
  6 ice beasts
  2 black bears
  3 orc warriors
  An ogre (D:7)
  4 centaurs
  2 kobold brigands
  2 bullfrogs
  5 necrophages
  3 scorpions
  2 gnoll sergeants (D:7)
  A wyvern zombie (D:6)
  11 wights
  2 jellies
  Dowan (D:7)
  4 killer bees
  An electric eel (D:7)
  7 howler monkeys
  A bullfrog zombie (D:6)
  A centaur zombie (D:6)
  A human zombie (D:6)
  A gnoll bouda (D:5)
  9 hounds
  3 orc priests
  Crazy Yiuf (D:7)
  6 iguanas
  8 orc wizards
  A killer bee zombie (D:6)
  4 mummies (D:6)
  A howler monkey zombie (D:6)
  12 gnolls
  9 adders
  3 dart slugs
  27 orcs
  4 bats
  5 endoplasms
  2 giant cockroaches
  9 goblins
  10 hobgoblins
  16 jackals
  14 kobolds
  6 quokkas
  5 ball pythons
  2 frilled lizards
  5 rats
259 creatures vanquished.

Vanquished Creatures (others)
  A fungus (D:7)
1 creature vanquished.

Grand Total: 260 creatures vanquished

Notes
Turn   | Place    | Note
-------+----------+-------------------------------------------
     0 | D:1      | Dorkslayer the Hill Orc Fighter began the quest for the
                  | Orb.
     0 | D:1      | Reached XP level 1. HP: 19/19 MP: 1/1
    81 | D:1      | Reached XP level 2. HP: 27/27 MP: 2/2
   199 | D:1      | Reached skill level 3 in Axes
   436 | D:1      | Reached XP level 3. HP: 33/33 MP: 3/3
   468 | D:1      | Found a faded altar of an unknown god.
   616 | D:2      | Reached skill level 1 in Dodging
   643 | D:2      | Reached XP level 4. HP: 24/40 MP: 4/4
   982 | D:2      | You fall into a shaft and drop 1 floor!
  1009 | D:3      | Reached skill level 4 in Axes
  1011 | D:3      | Gained mutation: Armour fits poorly on your strangely
                  | shaped body. [potion of mutation]
  1011 | D:3      | Gained mutation: Your body sometimes deteriorates upon
                  | taking damage. [potion of mutation]
  1011 | D:3      | Gained mutation: You are robust. (+10% HP) [potion of
                  | mutation]
  1343 | D:3      | Reached XP level 5. HP: 9/50 MP: 5/5
  2115 | D:3      | Found a runed translucent door.
  2123 | D:3      | Noticed comradetweed's ghost (amateur GrFi)
  2126 | D:3      | Lost mutation: Armour fits poorly on your strangely shaped
                  | body. [potion of mutation]
  2126 | D:3      | Lost mutation: Your body sometimes deteriorates upon taking
                  | damage. [potion of mutation]
  2126 | D:3      | Lost mutation: You are robust. (+10% HP) [potion of
                  | mutation]
  2126 | D:3      | Gained mutation: You are occasionally teleported next to
                  | monsters. [potion of mutation]
  2126 | D:3      | Gained mutation: You have a pair of small antennae on your
                  | head. [potion of mutation]
  2126 | D:3      | Gained mutation: You are clumsy. (Dex -2) [potion of
                  | mutation]
  2126 | D:3      | Gained mutation: Your natural rate of healing is unusually
                  | fast. [potion of mutation]
  2131 | D:3      | Killed comradetweed's ghost
  2132 | D:3      | Reached XP level 6. HP: 34/53 MP: 6/6
  2439 | D:4      | Reached skill level 5 in Axes
  2695 | D:4      | Reached XP level 7. HP: 60/60 MP: 7/7
  2839 | D:5      | Entered Level 5 of the Dungeon
  2954 | D:5      | Reached skill level 5 in Armour
  2989 | D:5      | Reached skill level 6 in Axes
  3083 | D:5      | Found a hide-covered altar of Uskayaw.
  3114 | D:5      | Found a white marble altar of Elyvilon.
  3341 | D:5      | Reached skill level 7 in Axes
  3439 | D:5      | Found Zin's Purification Station.
  3442 | D:5      | Found a glowing silver altar of Zin.
  3447 | D:5      | Reached skill level 5 in Fighting
  3452 | D:5      | Bought a potion of curing for 90 gold pieces
  3478 | D:5      | Reached XP level 8. HP: 34/68 MP: 8/8
  3623 | D:5      | Found a shimmering blue altar of Sif Muna.
  3755 | D:6      | Found a snail-covered altar of Cheibriados.
  3852 | D:6      | Reached skill level 8 in Axes
  3869 | D:6      | Found a broken altar of Ashenzari.
  4002 | D:6      | Reached skill level 9 in Axes
  4067 | D:6      | Found an ancient bone altar of Kikubaaqudgha.
  4201 | D:6      | Found a glowing golden altar of the Shining One.
  4289 | D:6      | Reached XP level 9. HP: 39/75 MP: 9/9
  4548 | D:6      | Reached skill level 10 in Axes
  4575 | D:6      | Killed an unseen horror
  4750 | D:6      | Noticed a deep elf pyromancer
  4766 | D:6      | Killed a deep elf pyromancer
  5130 | D:7      | Reached skill level 11 in Axes
  5157 | D:7      | Noticed Duvessa
  5157 | D:7      | Noticed Dowan
  5171 | D:7      | Killed Duvessa
  5182 | D:7      | Killed Dowan
  5305 | D:7      | Reached XP level 10. HP: 80/86 MP: 10/10
  5374 | D:7      | Found a staircase to the Ecumenical Temple.
  5378 | D:7      | Noticed Joseph
  5383 | Temple   | Entered the Ecumenical Temple
  5390 | Temple   | Reached skill level 1 in Evocations
  5492 | Temple   | Became a worshipper of Gozag Ym Sagoz the Greedy
  5516 | Temple   | Reached skill level 5 in Shields
  5591 | Temple   | Killed Joseph
  5592 | Temple   | Reached skill level 5 in Dodging
  5640 | D:7      | Reached skill level 12 in Axes
  5710 | D:7      | Found Sewniu's Weapon Shop.
  5710 | D:7      | Found Ceiwkucs's Antique Weapon Boutique.
  5710 | D:7      | Found Lujeic's Antique Armour Emporium.
  5971 | D:7      | Identified the +0 leather armour of Vehumet's Indignation
                  | {rC+ Will+}
  6009 | D:7      | Found a runed translucent door.
  6010 | D:7      | Noticed Crazy Yiuf
  6015 | D:7      | Killed Crazy Yiuf
  6225 | D:8      | Found an iron altar of Okawaru.
  6505 | D:8      | Found a basalt altar of Yredelemnul.
  6511 | D:8      | Found a staircase to the Lair.
  6511 | D:8      | Found Sifag's Antique Armour Shoppe.
  6537 | D:8      | Bought a pair of spiked gloves for 275 gold pieces
  6537 | D:8      | Identified the +1 pair of gloves of Divine Compulsion
                  | {-Tele Fly Str+3 Int+4} (You bought it in a shop on level 8
                  | of the Dungeon)
  6606 | D:8      | Found a shimmering altar of Xom.
  6608 | D:8      | Found a shimmering altar of Xom.
  6608 | D:8      | Found an opulent altar of Gozag.
  6610 | D:8      | Found an ancient bone altar of Kikubaaqudgha.
  6610 | D:8      | Found a blossoming altar of Fedhas.
  6610 | D:8      | Found a shimmering altar of Xom.
  7086 | D:9      | Found a burning altar of Makhleb.
  7224 | D:9      | Reached skill level 13 in Axes
  7224 | D:9      | Reached XP level 11. HP: 94/94 MP: 11/11
  7307 | D:9      | Identified a scroll of acquirement
  7308 | D:9      | Acquired a manual of Armour
  7567 | D:10     | Entered Level 10 of the Dungeon
  7981 | D:10     | Found a sparkling altar of Nemelex Xobeh.
  8141 | D:10     | Found a shadowy altar of Dithmenos.
  8177 | D:10     | Reached skill level 10 in Armour
  8641 | D:11     | Noticed a two-headed ogre
  8644 | D:11     | Killed a two-headed ogre
  8732 | D:11     | Noticed a cyclops
  8741 | D:11     | Killed a cyclops
  8780 | D:11     | Noticed a white ugly thing
  8794 | D:11     | Mangled by a white ugly thing

Illustrated notes

Levels and vault maps discovered:
D:1:      dpeg_arrival_rooms_a, layout_rooms, dreamdust_ecumenical_altar_grove
D:2:      layout_rooms
D:3:      layout_loops_ring, ebering_ghost_reflecting_pool
D:4:      layout_rooms
D:5:      layout_cave_pods, general_overflow_altar, elyvilon_altar_4,
          zin_purify, led_sif_book, minmay_fountain_box
D:6:      minmay_chambers_of_fours, layout_basic,
          mainiacjoe_overflow_small_starburst, mainiacjoe_overflow_paths,
          lemuel_round_altar, lemuel_mausoleum_altar_kikubaaqudgha, hex_tiny,
          chequers_serial_rivers_small_a, minmay_three_doors
D:7:      layout_basic, minmay_temple_entry_drinking_statues,
          nicolae_wooded_promenade, uniq_duvessa, uniq_crazy_yiuf_cottage,
          uniq_joseph
D:8:      layout_basic, okawaru_metal_pillars_1_2, doesnt_xom_only_xom,
          kennysheep_mini, lair_entry_dummy, serial_shops, shop
D:9:      layout_cave_pools, lightli_temple_of_fire,
          chequers_serial_rivers_room_a
D:10:     statuecave_lemuel, layout_loops_ring, nemelex_spade_bored_becter,
          grunt_dithmenos_smoke_and_mirrors, minmay_quadrilaterals
D:11:     layout_rooms
Temple:   hellmonk_temple_flake

Skill      XL: |  1  2  3  4  5  6  7  8  9 10 11 |
---------------+----------------------------------+-----
Axes           | 3 4 5 7 9 11 13 | 13.8
Fighting       | 4 5 6 7 8 |  8.8
Dodging        | 1 2 3 4 5 6 |  6.1
Armour         | 4 5 6 7 8 10 | 10.8
Shields        | 4 6 7 |  7.0
Evocations     | 3 4 |  4.7
Stealth        | |  0.4

Action                   |  1- 3 |  4- 6 |  7- 9 | 10-12 || total
-------------------------+-------+-------+-------+-------++-------
Melee: War axe           |    73 |   163 |   340 |   328 ||   904
Evoke: Wand              |       |       |       |    20 ||    20
  Use: Scroll            |     3 |     5 |     9 |     7 ||    24
       Potion            |       |     4 |     2 |     1 ||     7
 Stab: Distracted        |       |       |       |     2 ||     2
Armor: Scale mail        |    46 |    82 |       |       ||   128
       Chain mail        |       |       |   176 |   135 ||   311
       Plate armour      |       |       |       |    20 ||    20
Dodge: Dodged            |    41 |    99 |   101 |   103 ||   344
Block: Buckler           |    22 |    39 |    49 |       ||   110
       Kite shield       |       |       |    13 |   202 ||   215
